 Dungeon Crawl Stone Soup version 0.20-a0-991-g93344ec (webtiles) character file.

414 M4edhros the Vexing (level 7, -1/49 HPs)
             Began as a Formicid Arcane Marksman on Apr 11, 2017.
             Was a Believer of Nemelex Xobeh.
             Slain by a gargoyle
             ... wielding a +0 flail
              (17 damage)
             ... on level 13 of the Dungeon.
             The game lasted 00:04:55 (2894 turns).

M4edhros the Vexing (Formicid Arcane Marksman)      Turns: 2894, Time: 00:04:56

Health: -1/49      AC:  3    Str: 14    XL:     7   Next: 14%
Magic:  11/11      EV: 12    Int: 13    God:    Nemelex Xobeh [**....]
Gold:   171        SH:  0    Dex: 13    Spells: 11/12 levels left

rFire    . . .     SeeInvis +   a - +0 hand crossbow
rCold    . . .     Gourm    .   (no shield)
rNeg     . . .     Faith    .   j - +0 robe (curse)
rPois    .         Spirit   .   (helmet unavailable)
rElec    .         Reflect  .   k - +0 cloak
rCorr    .         Harm     .   (no gloves)
MR       .....                  (no boots)
Stlth    +.........             (no amulet)
Regen    0.2/turn               (no ring)
MPRegen  0.2/turn               (no ring)

@: no status effects
A: permanent stasis, dig shafts and tunnels, four strong arms, antennae 3
a: Dig, Shaft Self, Renounce Religion


You were on level 13 of the Dungeon.
You worshipped Nemelex Xobeh.
Nemelex Xobeh was pleased with you.
You were hungry.

You visited 1 branch of the dungeon, and saw 9 of its levels.

You collected 171 gold pieces.

Inventory:

Hand Weapons
 a - a +0 hand crossbow (weapon)
 o - a +0 whip
Missiles
 q - 16 bolts (quivered)
Armour
 e - a +0 robe
 j - a cursed +0 robe (worn)
 k - a +0 cloak (worn)
 v - a +0 ring mail
Jewellery
 b - a +6 ring of intelligence {unknown}
 i - an uncursed ring of ice
Scrolls
 d - 2 scrolls of remove curse {unknown}
 h - a scroll of fear
 u - a scroll of enchant armour {unknown}
Potions
 l - a potion of agility {unknown}
 m - a potion of resistance {unknown}
 n - 2 potions of curing {unknown}
 p - a potion of cancellation {unknown}
Books
 c - a book of Debilitation

   Spells                             Type                      Level
   a - Corona                         Hexes                        1
   b - Slow                           Hexes                        2
   c - Inner Flame                    Hexes/Fire                   3
   d - Portal Projectile              Hexes/Translocation          3
   e - Cause Fear                     Hexes                        4
   f - Leda's Liquefaction            Hexes/Earth                  4
 w - a book of Flames

   Spells                             Type                      Level
   a - Flame Tongue                   Conjuration/Fire             1
   b - Throw Flame                    Conjuration/Fire             2
   c - Conjure Flame                  Conjuration/Fire             3
   d - Inner Flame                    Hexes/Fire                   3
   e - Sticky Flame                   Conjuration/Fire             4
   f - Fireball                       Conjuration/Fire             5
Miscellaneous
 s - a plain deck of escape
 t - a plain deck of summoning {drawn: 5}
Comestibles
 f - 3 bread rations
 g - a royal jelly
 r - 3 meat rations


   Skills:
 + Level 1.8 Fighting
 * Level 4.6 Crossbows
 + Level 2.1 Dodging
 + Level 3.2 Spellcasting
 + Level 4.6 Hexes
 * Level 3.4 Invocations


You had 11 spell levels left.
You knew the following spells:

 Your Spells              Type           Power        Failure   Level  Hunger
a - Corona                Hex            ##.....      4%          1    #......


Dungeon Overview and Level Annotations

Branches:
Dungeon (10/15)
 Temple: D:4-7         Lair: D:8-11         Orc: D:9-12

Altars:
Nemelex Xobeh
Trog
Uskayaw

Annotations:
D:3 Sigmund


Innate Abilities, Weirdness & Mutations

You cannot be hasted, slowed, berserked, paralysed or teleported.
You can dig through walls and to a lower floor.
Your four strong arms can wield two-handed weapons with a shield.
You have a pair of large antennae on your head. (SInv)


Message History

The gargoyle is moderately damaged.
The gargoyle hits you with a flail.
Unknown command.
Your neqoxec barely misses the gargoyle.
Your crimson imp barely misses the gargoyle.
Evoke which item? (* to show all) (? for menu, Esc to quit)
You draw a card...
It is Foxfire.
Your neqoxec gestures at the gargoyle.
The killer bee twists and deforms.
Your crimson imp closely misses the killer bee.
The gargoyle hurls a stone arrow at you.
The stone arrow hits you!
Your rakshasa blinks!
Unknown command.
Okay, then.
You open the door.
Your killer bee stings the gargoyle but does no damage.
The killer bee barely misses you. The gargoyle hits you with a flail!
You die...
Your body glows slightly and disappears.

#.........#
###'####### #.##
#.{# ##5# #.#
####'######
#.....(5y.#######
#....ยง.39@'......
#...(.5.yy#######
............#
.##......$..# #
#.........#
######+####


You could see a gargoyle, 2 killer bees, a friendly neqoxec, a friendly killer
bee, a friendly iron imp and a friendly crimson imp.

Vanquished Creatures
  A centaur skeleton (D:13)
  A crimson imp (D:8)
  A worker ant (D:3)
  4 adders
  2 worms
  2 dart slugs (D:2)
  3 leopard geckos
  4 orcs
  4 bats
  A giant cockroach (D:2)
  7 goblins
  6 hobgoblins
  2 jackals (D:2)
  A quokka (D:2)
  2 ball pythons
  4 frilled lizards
  6 kobolds
  8 rats
59 creatures vanquished.

Vanquished Creatures (collateral kills)
  An ogre (D:4)
  An orc wizard (D:4)
  A worker ant (D:4)
  An adder (D:4)
  2 orcs
  A jackal (D:2)
7 creatures vanquished.

Grand Total: 66 creatures vanquished

Notes
Turn   | Place    | Note
-------+----------+-------------------------------------------
     0 | D:1      | M4edhros the Formicid Arcane Marksman began the quest for the Orb.
     0 | D:1      | Reached XP level 1. HP: 15/15 MP: 2/2
   161 | D:1      | Reached XP level 2. HP: 21/21 MP: 2/4
   504 | D:1      | Reached XP level 3. HP: 26/26 MP: 4/6
  1126 | D:2      | Found a faded altar of an unknown god.
  1318 | D:2      | Became a worshipper of Nemelex Xobeh the Trickster
  1318 | D:2      | Received a gift from Nemelex Xobeh
  1318 | D:2      | Reached * piety under Nemelex Xobeh
  1318 | D:2      | Received a gift from Nemelex Xobeh
  1386 | D:2      | Reached XP level 4. HP: 32/32 MP: 7/7
  1485 | D:2      | Found a bloodstained altar of Trog.
  1826 | D:2      | Reached skill level 1 in Invocations
  2279 | D:3      | Reached XP level 5. HP: 12/37 MP: 6/8
  2650 | D:3      | Noticed Sigmund
  2685 | D:4      | Noticed an ogre
  2696 | D:4      | Killed an ogre
  2696 | D:4      | Reached XP level 6. HP: 9/43 MP: 8/10
  2797 | D:4      | Reached ** piety under Nemelex Xobeh
  2810 | D:4      | You fall through a shaft!
  2810 | D:5      | Entered Level 5 of the Dungeon
  2810 | D:5      | Received a gift from Nemelex Xobeh
  2813 | D:5      | You fall through a shaft!
  2816 | D:6      | You fall through a shaft for 2 floors!
  2816 | D:8      | Found a hide-covered altar of Uskayaw.
  2859 | D:8      | You fall through a shaft for 2 floors!
  2859 | D:10     | Entered Level 10 of the Dungeon
  2862 | D:10     | You fall through a shaft for 3 floors!
  2867 | D:13     | Reached XP level 7. HP: 28/49 MP: 11/11
  2883 | D:13     | Noticed a gargoyle
  2894 | D:13     | Slain by a gargoyle

Vault maps used:
D:1:      dpeg_arrival_ratfight
D:2:      old_standard_altar, chequers_ecumenical_altar_simple,
          kennysheep_path_1
D:3:      uniq_sigmund
D:4:      cheibrodos_helix_gallery,
          nicolae_gozag_cash_rules_everything_around_me,
          gammafunk_temple_overflow_forgotten, first_bread
D:5:      nicolae_ossuary_entry_monument, small_statue_intersection
D:6:      old_standard_altar, minmay_temple_entry_crystal_x, serial_shops,
          nicolae_shop_behind_doors, uniq_eustachio
D:8:      basic_altar, hangedman_little_slice_of_home
D:10:     orc_0_dummy

Skill      XL: |  1  2  3  4  5  6 |
---------------+-------------------+-----
Spellcasting   | 2 3 |  3.2
Crossbows      | 3 4 |  4.6
Hexes          | 4 |  4.6
Invocations    | 1 2 3 |  3.4
Dodging        | 2 |  2.1
Fighting       | |  1.8

Action                   |  1- 3 |  4- 6 |  7- 9 || total
-------------------------+-------+-------+-------++-------
Melee: Unarmed           |       |    10 |       ||    10
       Hand crossbow     |       |     7 |       ||     7
 Fire: Hand crossbow     |    81 |    80 |     4 ||   165
 Cast: Corona            |       |     6 |       ||     6
 Abil: Shaft Self        |       |     5 |       ||     5
Evoke: Deck              |       |     4 |     1 ||     5
  Use: Potion            |     1 |     1 |       ||     2
       Scroll            |       |     4 |       ||     4
  Eat: Chunk             |     1 |     4 |       ||     5
       Royal jelly       |       |     1 |       ||     1
Armor: Robe              |     4 |    11 |       ||    15
       Skin              |     4 |     9 |       ||    13
Dodge: Dodged            |    10 |    42 |     2 ||    54
